 Dungeon Crawl Stone Soup version 0.27.0-1-g7a089689b8 (webtiles) character file.

Game seed: 18304806967541602422

126 ZARRMARR the Cudgeller (level 4, -4/31 (35) HPs)
             Began as a Demonspawn Berserker on Aug 14, 2021.
             Was a Believer of Trog.
             Slain by a necrophage (6 damage)
             ... on level 5 of the Dungeon.
             The game lasted 00:12:00 (2001 turns).

ZARRMARR the Cudgeller (Demonspawn Berserker)       Turns: 2001, Time: 00:12:01

HP:   -4/31 (35)    AC:  3    Str: 19    XL:     4   Next: 84%
MP:   4/4           EV: 12    Int:  8    God:    Trog [**....]
Gold: 24            SH:  0    Dex: 12    Spells: 3/3 levels left

rFire    + . .     SeeInvis .   a - +0 mace
rCold    . . .     Faith    .   (no shield)
rNeg     . . .     Spirit   .   b - +0 animal skin
rPois    .         Reflect  .   k - +0 helmet
rElec    .         Harm     .   (no cloak)
rCorr    .         Rampage  .   (no gloves)
Will     ++...                  (no boots)
Stlth    +.........             (no amulet)
HPRegen  1.10/turn              c - ring of protection from fire
MPRegen  0.09/turn              (no ring)

@: strong-willed (expiring), on berserk cooldown, regenerating (expiring),
hasted and slowed, heavily drained
A: demonic magic 1
a: Renounce Religion, Berserk, Trog's Hand


You were on level 5 of the Dungeon.
You worshipped Trog.
Trog was pleased with you.
You visited 1 branch of the dungeon, and saw 4 of its levels.

You collected 116 gold pieces.
You spent 92 gold pieces at shops.

Inventory:

Hand Weapons
 a - a +0 mace (weapon)
Missiles
 f - 24 poisoned darts (quivered)
Armour
 b - a +0 animal skin (worn)
 k - a +0 helmet (worn)
Jewellery
 c - a ring of protection from fire (left hand)
Scrolls
 g - 3 scrolls of magic mapping
 h - a scroll of vulnerability
 m - a scroll of noise {unknown}
Potions
 d - 2 potions of attraction
 e - a potion of curing
 i - a potion of experience {unknown}
 l - a potion of magic {unknown}


   Skills:
 + Level 3.5 Fighting
 + Level 3.9 Maces & Flails
 + Level 2.1 Throwing
 + Level 1.9 Armour
 + Level 2.1 Dodging


You had 3 spell levels left.
You didn't know any spells.
Your spell library was empty.

Dungeon Overview and Level Annotations

Branches:
Dungeon (3/15)

Altars:
Dithmenos

Shops:
D:1 *   D:2 ?


Innate Abilities, Weirdness & Mutations

Spells you cast may paralyse adjacent enemies.


Message History

You feel stronger.
You feel a strong urge to attack something.
A necrophage comes into view.
You are no longer berserk.
You are exhausted.
You feel yourself slow down.
Your skin crawls.
You feel strong-willed. The necrophage closely misses you.
You sock the necrophage!
The necrophage is moderately damaged.
The necrophage hits you but does no damage.
You hit the necrophage.
The necrophage is moderately damaged.
The necrophage hits you. The necrophage barely misses you.
You barely miss the necrophage.
The necrophage is moderately damaged.
The necrophage hits you. x2
* * * LOW HITPOINT WARNING * * *
You feel drained.
* * * LOW HITPOINT WARNING * * *
You hit the necrophage.
The necrophage is heavily damaged.
The necrophage hits you.
* * * LOW HITPOINT WARNING * * *
The necrophage barely misses you.
You feel yourself speed up. The necrophage hits you.
* * * LOW HITPOINT WARNING * * *
You feel drained.
* * * LOW HITPOINT WARNING * * *
You barely miss the necrophage.
The necrophage is heavily damaged.
You feel the effects of Trog's Hand fading.
The necrophage hits you.
* * * LOW HITPOINT WARNING * * *
You feel drained. The necrophage closely misses you.
You closely miss the necrophage.
The necrophage is heavily damaged.
The necrophage hits you.
You die...

*,*********#.........# *...
*,,,,,,,,,*#.........#######.##
***,,,,,,,,,*#.).......##.......#
,,,,,,,,,.,,++................#**
****,,,,,..,*#.............(..#*8
* *,,,,,...##.........##....##,,
* *,,,,,............####....#8,,
* *,,,,,............# #....+,,,
**********+#...n@....# #....#8,,
,,,,,* #...........# #..$.#*,,
,,,,,****###.....<...# ####..**8
,,,,,+,**............# ##..**
,,,,,*,**............#*******,,**
****,,,,+............#,,,,,,,,,,,
*,,,,*,**............#,,,,,,,,,,,
*,,,,*,**#############,,,,,,,,,,,
*,,,,*,* *,,,,,,,,,,,


You could see a necrophage.

Vanquished Creatures
  An ice beast (D:5)
  A dart slug (D:2)
  4 endoplasms
  5 goblins
  5 hobgoblins
  A kobold (D:2)
  A quokka (D:1)
  2 ball pythons (D:2)
  5 bats
  2 frilled lizards (D:2)
  4 rats
31 creatures vanquished.

Vanquished Creatures (others)
  A withered plant (D:3)
1 creature vanquished.

Grand Total: 32 creatures vanquished

Notes
Turn   | Place    | Note
-------+----------+-------------------------------------------
     0 | D:1      | ZARRMARR the Demonspawn Berserker began the quest for the
                  | Orb.
     0 | D:1      | Reached XP level 1. HP: 18/18 MP: 1/1
     1 | D:1      | Found Nuyhof's General Store.
   383 | D:1      | Gained mutation: Spells you cast may paralyse adjacent
                  | enemies. [demonic ancestry]
   383 | D:1      | Reached XP level 2. HP: 24/24 MP: 2/2
   630 | D:1      | Bought a scroll of identify for 20 gold pieces
   912 | D:2      | Found Jofaru's Magic Scroll Emporium.
   928 | D:2      | Bought a scroll of identify for 24 gold pieces
  1181 | D:2      | Reached ** piety under Trog
  1379 | D:2      | Reached XP level 3. HP: 29/29 MP: 3/3
  1863 | D:2      | Bought a scroll of identify for 24 gold pieces
  1863 | D:2      | Bought a scroll of identify for 24 gold pieces
  1903 | D:3      | Found a shadowy altar of Dithmenos.
  1969 | D:3      | You fall into a shaft and drop 2 floors!
  1969 | D:5      | Entered Level 5 of the Dungeon
  1974 | D:5      | Noticed an ice beast
  1989 | D:5      | Killed an ice beast
  1990 | D:5      | Reached XP level 4. HP: 11/35 MP: 4/4
  1991 | D:5      | Noticed a necrophage
  2000 | D:5      | HP: 1/32 [necrophage (2)]
  2001 | D:5      | Slain by a necrophage

Illustrated notes

Levels and vault maps discovered:
D:1:      dpeg_arrival_connections, layout_rooms, serial_shops, shop
D:2:      layout_basic, serial_shops, shop, serial_corexii_hall,
          corexii_hall_statues_x, corexii_hall_statues_deadend,
          chequers_hall_statues_wall_a, minmay_liquid_box
D:3:      layout_rooms, grunt_dithmenos_smoke, serial_undead, serial_undead_b,
          serial_undead_f, serial_undead_d, serial_undead_e
D:5:      layout_basic, portal_sewer_entry_b, dk_noncrumbling_4,
          minmay_strange_pillars, uniq_edmund

Skill      XL: |  1  2  3 |
---------------+----------+-----
Maces & Flails | 3 |  3.9
Dodging        | 2 |  2.1
Throwing       | 2 |  2.1
Fighting       | |  3.5
Armour         | |  1.9

Action                   |  1- 3 |  4- 6 || total
-------------------------+-------+-------++-------
Melee: Mace              |    63 |     6 ||    69
Throw: Dart              |    47 |       ||    47
Invok: Berserk           |     2 |       ||     2
       Trog's Hand       |       |     1 ||     1
  Use: Scroll            |     5 |       ||     5
       Potion            |       |     1 ||     1
 Stab: Sleeping          |     2 |       ||     2
       Distracted        |     1 |       ||     1
Armor: Animal skin       |    10 |     1 ||    11
Dodge: Dodged            |    28 |     4 ||    32
